 Dungeon Crawl Stone Soup version 0.22-a0-157-g169b76a (webtiles) character file.

694 TheDeThijs the Basher (level 7, -1/57 HPs)
             Began as a Minotaur Berserker on Feb 8, 2018.
             Was a Believer of Trog.
             Slain by Prince Ribbit (17 damage)
             ... on level 5 of the Dungeon.
             The game lasted 00:16:01 (3927 turns).

TheDeThijs the Basher (Minotaur Berserker)          Turns: 3927, Time: 00:16:02

Health: -1/57      AC:  5    Str: 23    XL:     7   Next: 37%
Magic:  6/6        EV: 11    Int:  4    God:    Trog [**....]
Gold:   126        SH:  0    Dex: 10    Spells: 6/6 levels left

rFire    . . .     SeeInvis .   a - +1 mace
rCold    + + .     Gourm    .   (no shield)
rNeg     . . .     Faith    .   j - +0 ring mail {rC+}
rPois    .         Spirit   .   (helmet restricted)
rElec    .         Reflect  .   (no cloak)
rCorr    .         Harm     .   (no gloves)
MR       ++...                  (no boots)
Stlth    +.........             (no amulet)
HPRegen  1.19/turn              o - ring of protection from cold
MPRegen  0.10/turn              (no ring)

@: berserk cooldown, regenerating, slowed, very slow
A: retaliatory headbutt, horns 2
a: Berserk, Trog's Hand, Burn Spellbooks, Renounce Religion


You were on level 5 of the Dungeon.
You worshipped Trog.
Trog was pleased with you.
You were not hungry.

You visited 1 branch of the dungeon, and saw 5 of its levels.

You collected 126 gold pieces.

Inventory:

Hand Weapons
 a - a +1 mace (weapon)
Missiles
 l - 62 stones (quivered)
 m - 5 tomahawks
Armour
 j - a +0 ring mail of cold resistance (worn)
Jewellery
 o - a ring of protection from cold (left hand)
Wands
 i - a wand of enslavement (6)
Scrolls
 d - 8 scrolls of identify
 e - a scroll of magic mapping
 f - 3 scrolls of teleportation
 g - 2 scrolls of remove curse
 h - a scroll of enchant armour {unknown}
Potions
 b - 2 potions of invisibility {unknown}
 k - 2 potions of resistance {unknown}
 n - a potion of flight
 r - a potion of lignification
 t - a potion of heal wounds
Comestibles
 c - 4 rations


   Skills:
 - Level 3.6 Fighting
 * Level 9.8 Maces & Flails
 + Level 2.4 Throwing
 - Level 2.4 Armour
 - Level 2.1 Dodging
 - Level 0.2 Stealth


You had 6 spell levels left.
You didn't know any spells.

Dungeon Overview and Level Annotations

Branches:
Dungeon (5/15)
 Temple: D:4-7

Altars:
Dithmenos
Gozag
Nemelex Xobeh
Trog
Uskayaw
Vehumet
Wu Jian
Zin

Shops:
D:5 (

Annotations:
D:5 Prince Ribbit


Innate Abilities, Weirdness & Mutations

You reflexively headbutt those who attack you in melee.
You have a pair of horns on your head.


Message History

You are too injured to fight recklessly!
You are too berserk!
You miss Prince Ribbit. You barely miss Prince Ribbit. Prince Ribbit hits you!
You sock Prince Ribbit! You headbutt Prince Ribbit!
Prince Ribbit is heavily wounded.
Prince Ribbit hits you.
* * * LOW HITPOINT WARNING * * *
You miss Prince Ribbit.
Prince Ribbit is heavily wounded.
Prince Ribbit hits you.
* * * LOW HITPOINT WARNING * * *
You feel a strong urge to attack something.
There is an open door here.
You feel your anger nearly subside.
You are no longer berserk.
You are exhausted.
You feel yourself slow down.
You feel the effects of Trog's Hand fading.
Prince Ribbit hits you!
You die...

## #.#
#######.# #.#
#.# #.# #.# #.
#.# #.#
#.#######.###
..#...........#
#.##........#.#
#. #.########.#
#. #.# #.# #.
#@# #<# ######.
#F# ###
.......##'#####
#.......#
#.......#
#.......#
#..........
#.......###
#.......#


You could see Prince Ribbit.

Vanquished Creatures
  The ghost of Lapis the Digger, an amateur GrEE (D:3)
  An ice beast (D:1)
  An ogre (D:4)
  A bullfrog (D:4)
  A howler monkey (D:4)
  A hound (D:4)
  2 orc priests
  Natasha (thrice) (D:3)
  A gnoll (D:1)
  2 adders
  A shadow imp (D:5)
  3 oozes
  An adder skeleton (D:5)
  3 worms
  4 leopard geckos
  13 orcs
  5 giant cockroaches
  8 goblins
  8 hobgoblins
  4 jackals (D:3)
  A kobold (D:1)
  4 quokkas
  3 ball pythons
  6 bats
  4 frilled lizards
  5 rats
87 creatures vanquished.

Notes
Turn   | Place    | Note
-------+----------+-------------------------------------------
     0 | D:1      | TheDeThijs the Minotaur Berserker began the quest for the Orb.
     0 | D:1      | Reached XP level 1. HP: 19/19 MP: 0/0
    39 | D:1      | Reached skill level 4 in Maces & Flails
    39 | D:1      | Reached XP level 2. HP: 8/26 MP: 1/1
   413 | D:1      | Reached skill level 5 in Maces & Flails
   512 | D:1      | Reached XP level 3. HP: 31/31 MP: 2/2
   732 | D:1      | Reached ** piety under Trog
  1001 | D:2      | Noticed an ice beast
  1407 | D:2      | Found a sparkling altar of Nemelex Xobeh.
  1466 | D:2      | Found an ornate altar of the Wu Jian Council.
  1486 | D:2      | Found a shadowy altar of Dithmenos.
  1509 | D:2      | Reached XP level 4. HP: 37/39 MP: 3/3
  1550 | D:2      | Found an opulent altar of Gozag.
  1606 | D:2      | Reached skill level 6 in Maces & Flails
  1712 | D:1      | Killed an ice beast
  1712 | D:1      | Reached skill level 7 in Maces & Flails
  1712 | D:1      | Reached skill level 1 in Throwing
  1712 | D:1      | Reached XP level 5. HP: 45/45 MP: 4/4
  2143 | D:3      | Noticed Lapis's ghost (amateur GrEE)
  2176 | D:3      | Killed Lapis's ghost
  2176 | D:3      | Reached skill level 8 in Maces & Flails
  2176 | D:3      | Reached XP level 6. HP: 51/51 MP: 5/5
  2223 | D:3      | Found a radiant altar of Vehumet.
  2267 | D:3      | Noticed Natasha
  2291 | D:3      | Killed Natasha
  2299 | D:3      | Found a bloodstained altar of Trog.
  2314 | D:3      | Noticed Natasha
  2322 | D:3      | Killed Natasha
  2398 | D:3      | Noticed Natasha
  2412 | D:3      | Killed Natasha
  2897 | D:4      | Reached skill level 9 in Maces & Flails
  2897 | D:4      | Reached XP level 7. HP: 38/57 MP: 6/6
  3102 | D:4      | Found a glowing silver altar of Zin.
  3293 | D:4      | Found a hide-covered altar of Uskayaw.
  3832 | D:5      | Entered Level 5 of the Dungeon
  3882 | D:5      | Found Vaifo's Weapon Boutique.
  3913 | D:5      | Noticed Prince Ribbit
  3927 | D:5      | Slain by Prince Ribbit

Vault maps used:
D:1:      co_arrival_random_square_maze, minmay_tripent
D:2:      old_standard_altar, nemelex_altar_shiori,
          amethyst_overflow_temple_binary
D:3:      vehumet_crystals, first_ration, trog_three_pillars_becter,
          uniq_natasha
D:4:      eat_drink_and_be_merry_uskayaw, zin_treasury
D:5:      minmay_temple_entry_enclosed_plants, serial_shops, shop,
          corexii_leaking_fountain, kennysheep_generic_room_10,
          uniq_prince_ribbit1, uniq_sigmund

Skill      XL: |  1  2  3  4  5  6 |
---------------+-------------------+-----
Maces & Flails | 4 5 7 8 9 |  9.8
Throwing       | 1 2 |  2.4
Fighting       | |  3.6
Armour         | |  2.4
Dodging        | |  2.1
Stealth        | |  0.2

Action                   |  1- 3 |  4- 6 |  7- 9 || total
-------------------------+-------+-------+-------++-------
Melee: Mace              |    81 |    86 |    44 ||   211
       Headbutt          |     7 |    13 |     4 ||    24
Throw: Stone             |     9 |    35 |    14 ||    58
       Tomahawk          |       |     5 |       ||     5
Invok: Berserk           |     2 |     4 |     1 ||     7
       Trog's Hand       |     1 |     3 |     1 ||     5
  Use: Potion            |       |     7 |       ||     7
       Scroll            |       |     6 |       ||     6
  Eat: Chunk             |     4 |     6 |     1 ||    11
       Ration            |       |     1 |     1 ||     2
Armor: Animal skin       |     9 |    14 |       ||    23
       Ring mail         |       |       |    10 ||    10
Dodge: Dodged            |    66 |    65 |    18 ||   149

Table legend:
 A = Spawn XP
 B = Non-spawn XP
 C = Spawn XP percentage of total XP
 D = Spawn monster count
 E = Non-spawn monster count
 F = Spawn count percentage of total count
 G = Total turns spent on level
                    A         B        C        D         E        F      G
               +---------+---------+-------+---------+---------+-------+---------
         Total |       0 |     992 |   0.0 |       0 |      87 |   0.0 |  3927
               +---------+---------+-------+---------+---------+-------+---------
           D:1 |       0 |     200 |   0.0 |       0 |      25 |   0.0 |  1012
           D:2 |       0 |     107 |   0.0 |       0 |      21 |   0.0 |  1034
           D:3 |       0 |     304 |   0.0 |       0 |      28 |   0.0 |   694
           D:4 |       0 |     365 |   0.0 |       0 |      11 |   0.0 |  1092
           D:5 |       0 |      16 |   0.0 |       0 |       2 |   0.0 |    95
               +---------+---------+-------+---------+---------+-------+---------
